AoeStats
← Zephyr.H

Arabia

510298477Analyzed
1v1 RM · 2d ago on Sep 30, 2026· 49m 4s· 2 players
Game mode
Random Map
Map size
Tiny (2 player)
Population
200
Speed
Normal
Resources
Standard
Victory
Conquest
Starting age
Dark Age
Ending age
Imperial Age
RankedLock teamsTeams togetherTeam positionsShared explorationLock speedFull tech treeHidden civsTurbo modeCheats
Victory
Defeat
🇦🇺 Japanese · Australia
714
+16
🇨🇳 Burgundians · China
708
-16
Zephyr.H
0:32 Loom
13:17 Feudal Age
21:29 Castle Age
19:41 Double-Bit Axe
20:57 Gold Mining
20:52 Horse Collar
21:25 Scale Barding Armor
30:29 Fletching
30:13 Cavalier
35:40 Forging
35:51 Chain Barding Armor
44:42 Imperial Age
42:52 Wheelbarrow
45:12 Stone Mining
45:58 Heavy Plow
46:13 Bow Saw
47:05 Conscription
49:22 Chemistry
Darth_Keebab
8:42 Loom
10:27 Feudal Age
11:36 Double-Bit Axe
14:27 Bloodlines
22:12 Castle Age
20:17 Horse Collar
20:33 Fletching
22:22 Padded Archer Armor
25:34 Ballistics
27:17 Sanctity
27:08 Fervor
27:10 Redemption
28:34 Husbandry
28:50 Bow Saw
37:10 Imperial Age
35:16 Wheelbarrow
34:39 Stone Mining
34:39 Gold Mining
35:03 Pikeman
39:22 Block Printing
39:32 Illumination
39:44 Theocracy
42:02 Squires
41:49 Arson
44:59 Halberdier
47:34 Capped Ram
Connection lost

Rejoining the realm…

Still unreachable

The connection could not be restored.

Session expired

The server has moved on; the page needs a fresh start.